[Event "WYCC 2018 O16"]
[Site "Halkidiki"]
[Date "2018.10.24"]
[Round "6"]
[White "Zhalmakhanov, Ramazan"]
[Black "Wang, Yanbin"]
[Result "1-0"]
[ECO "B61"]
[WhiteElo "2316"]
[BlackElo "2220"]
[Annotator "NA"]
[PlyCount "101"]
[EventDate "2018.10.20"]
[EventType "swiss"]
[EventCountry "GRE"]
[SourceTitle "playchess.com"]
[Source "ChessBase"]
[SourceQuality "1"]
[TimeControl "40/5400+30:1800+30"]

1. e4 c5 2. Nf3 Nc6 3. d4 cxd4 4. Nxd4 Nf6 5. Nc3 d6 6. Bg5 Bd7 7. Qd2 Nxd4 8. Qxd4 Qa5 9. Bd2 Qc7 {[%emt 0:03:32] B61: Sizilianisch (Richter/Rauser-Angriff)} (9... e5 10. Qc4 Qb6 11. Be3 Qc6 12. Qb3 a6 13. Bc4 Be6 14. Bxe6 fxe6 15. Qxe6+ Be7 16. O-O-O Qd7 17. Qb3 {1-0 (50) Almasi,Z (2726)-El Gindy,E (2510) Khanty-Mansiysk 2011}) 10. f3 a6 11. O-O-O $146 ({Vorgänger:} 11. g4 e5 12. Qc4 Qxc4 13. Bxc4 Rc8 14. Bb3 Be6 15. O-O-O Be7 16. Kb1 Nd7 17. h4 {0-1 (50) Orak,L (2338)-Bylino,O (2186) Pula 2001}) 11... Rc8 12. g4 e5 13. Qf2 h6 14. Be3 Be6 15. Kb1 Be7 16. Nd5 Bxd5 17. exd5 Nd7 18. h4 Bf6 19. Bd3 g6 20. h5 g5 21. Bf5 b5 22. Rd3 Qb7 23. Qd2 Rc7 24. Rc3 Nb6 25. Rxc7 Qxc7 26. b3 O-O 27. Rd1 Rb8 28. Qa5 Qb7 29. Be4 Bd8 30. Qb4 Bc7 31. Qc3 Nc8 32. f4 b4 33. Qb2 Bb6 34. Bxb6 Qxb6 35. fxe5 Qe3 36. Bf5 Qe2 37. Qc1 dxe5 38. d6 Na7 39. d7 Rd8 40. Rd2 Qf3 41. Rd3 Qf4 42. Qg1 Nc6 43. Qb6 e4 44. Rd1 Qf3 45. Re1 Qc3 46. Rxe4 a5 47. Qc7 a4 48. bxa4 Kg7 49. Qd6 $18 Qf6 50. Qxf6+ Kxf6 51. Re8 1-0

[Event "WYCC 2018 O16"]
[Site "Halkidiki"]
[Date "2018.10.24"]
[Round "6"]
[White "Katopodis, Dimitrios"]
[Black "Carlsson, Ludvig"]
[Result "1/2-1/2"]
[ECO "B06"]
[WhiteElo "2310"]
[BlackElo "2058"]
[Annotator "NA"]
[PlyCount "67"]
[EventDate "2018.10.20"]
[EventType "swiss"]
[EventCountry "GRE"]
[SourceTitle "playchess.com"]
[Source "ChessBase"]
[SourceQuality "1"]
[TimeControl "40/5400+30:1800+30"]

1. d4 g6 2. e4 Bg7 3. c4 c5 4. d5 d6 5. Nc3 Nf6 6. h3 e6 7. Be3 O-O 8. Nf3 exd5 9. exd5 Re8 10. Bd3 Rxe3+ {[%emt 0:01:21] E90: King's Indian: Classical: Early deviations and 6 h3} 11. fxe3 Qe7 12. Qe2 (12. O-O Nbd7 13. Qe2 b6 14. Bc2 Nh5 15. Rfe1 Ne5 16. g4 Nxf3+ 17. Qxf3 Nf6 18. Ba4 {1-0 (57) Navara,D (2737)-Morozevich,A (2675) Biel 2017}) 12... Nh5 {[%emt 0:10:09] LiveBook: 3 Games} (12... Nbd7 $142) 13. Qf2 Nd7 14. O-O Ne5 15. Be2 {[%emt 0:04:17] [#]} Nf6 $146 ({Predecessor:} 15... Nxf3+ 16. Bxf3 Nf6 17. Qh4 Nxd5 18. Qxe7 Nxe7 19. Rad1 Be5 20. Nd5 {½-½ (20) Babula,V (2545)-Indjic,A (2576) Hungary 2016}) 16. Nxe5 Qxe5 17. Qf4 Qe7 18. Rae1 Nd7 19. Ne4 Be5 20. Qf2 f5 21. Nc3 h5 22. g4 h4 23. gxf5 Bg3 24. Qg2 Qxe3+ 25. Kh1 Ne5 26. Qe4 Qg5 27. Bg4 gxf5 28. Bxf5 Bxe1 29. Qxe1 Bxf5 30. Rg1 Bg4 31. Ne4 Qf4 32. Nf2 Qxc4 33. Nxg4 Qxd5+ 34. Rg2 $15 1/2-1/2

[Event "WYCC 2018 O16"]
[Site "Halkidiki"]
[Date "2018.10.24"]
[Round "6"]
[White "Travadon, Loic"]
[Black "Triantos, Konstantinos"]
[Result "1-0"]
[ECO "B66"]
[WhiteElo "2293"]
[BlackElo "2002"]
[Annotator "NA"]
[PlyCount "97"]
[EventDate "2018.10.20"]
[EventType "swiss"]
[EventCountry "GRE"]
[SourceTitle "playchess.com"]
[Source "ChessBase"]
[SourceQuality "1"]
[TimeControl "40/5400+30:1800+30"]

1. e4 c5 2. Nc3 d6 3. Nge2 Nc6 4. d4 cxd4 5. Nxd4 Nf6 6. Bg5 e6 7. Qd2 a6 8. Nxc6 bxc6 9. O-O-O h6 10. Bf4 d5 11. Qe3 Bb4 12. Be2 {[%emt 0:00:08] B66: Sicilian: Richter-Rauzer: 7...a6 8 0-0-0 h6} O-O 13. e5 Nh7 (13... Nd7 14. Qg3 Kh8 15. Qh3 Kg8 16. Rd3 Be7 17. Rg3 Bh4 18. Bxh6 g6 19. Rg4 Bxf2 20. Rf1 Bc5 21. Bg5 Be7 22. Bxe7 Qxe7 23. Qh6 Nxe5 24. Rh4 {1-0 (24) Wang,H (2709)-Ivanchuk,V (2726) Huaian 2017}) 14. Ne4 f5 {[%emt 0:01:11] LiveBook: 5 Games} 15. exf6 Nxf6 16. Nxf6+ Qxf6 17. Be5 Bc5 18. Bxf6 Bxe3+ 19. fxe3 Rxf6 20. e4 $146 Bb7 21. Bf3 Rd8 22. exd5 exd5 23. Rhe1 Kf7 24. Re3 Bc8 25. Rd4 g6 26. Kd2 Rf5 27. Rc3 Rf6 28. Rc5 h5 29. c4 Rfd6 30. cxd5 cxd5 31. Rcxd5 Rxd5 32. Rxd5 Re8 33. Rc5 Be6 34. b3 Rd8+ 35. Kc3 Re8 36. Rc7+ Kf6 37. Rc6 Rc8 38. Rxc8 Bxc8 39. Kd4 Kg5 40. Be4 h4 41. b4 Bd7 42. Bd3 Bc6 43. Bxa6 Bxg2 44. Bd3 Kg4 45. b5 g5 46. b6 Bb7 47. Be4 Ba6 48. Bg2 h3 49. Be4 1-0

[Event "WYCC 2018 O16"]
[Site "Halkidiki"]
[Date "2018.10.24"]
[Round "6"]
[White "Kamer, Kayra"]
[Black "Kalavannan, Koby"]
[Result "1/2-1/2"]
[ECO "A04"]
[WhiteElo "2290"]
[BlackElo "2365"]
[Annotator "NA"]
[PlyCount "69"]
[EventDate "2018.10.20"]
[EventType "swiss"]
[EventCountry "GRE"]
[SourceTitle "playchess.com"]
[Source "ChessBase"]
[SourceQuality "1"]
[TimeControl "40/5400+30:1800+30"]

1. Nf3 c5 2. c4 g6 3. d4 cxd4 4. Nxd4 Nc6 5. Nc3 Bg7 6. Nb3 Nf6 7. g3 O-O 8. Bg2 d6 9. O-O Be6 {[%emt 0:04:00] E60: King's Indian: Unusual lines and Fianchetto Variation without Nc3} 10. c5 Bxb3 (10... d5 11. Bg5 Rc8 12. Bxf6 Bxf6 13. Nxd5 Bxb2 14. Rb1 Bg7 15. e4 Bd7 16. Re1 e6 17. Ne3 Qc7 18. Nc4 Rb8 19. e5 b5 20. cxb6 axb6 21. Rc1 Qa7 22. Nd4 Nxd4 23. Qxd4 {½-½ (23) Nikolic,P (2620)-Rodshtein,M (2664) Germany 2013}) 11. Qxb3 Na5 12. Qa3 dxc5 13. Qxc5 b6 14. Qb5 Rc8 15. Rd1 $146 ({Predecessor:} 15. Qa6 Qc7 16. Bf4 e5 17. Bg5 {1-0 (43) Drogilov,A (2160)-Malchikov,I (2318) Saratov 2008}) 15... Qc7 16. Bf4 Qc4 17. Rac1 Nh5 18. b3 Qxb5 19. Nxb5 Nxf4 20. gxf4 a6 21. Na7 Rxc1 22. Rxc1 b5 23. Rd1 Bc3 24. Rd7 Bb4 25. e3 Bd6 26. Bd5 Rb8 27. Kg2 Kf8 28. Nc6 Nxc6 29. Bxc6 Rb6 $11 30. Rd8+ Kg7 31. Rc8 b4 32. Bd5 Rb5 33. Bc6 Ra5 34. Ba4 Rc5 35. Rxc5 1/2-1/2

[Event "WYCC 2018 O16"]
[Site "Halkidiki"]
[Date "2018.10.24"]
[Round "6"]
[White "Jakab, Bela"]
[Black "Lianes Garcia, Marcos"]
[Result "1/2-1/2"]
[ECO "B22"]
[WhiteElo "2285"]
[BlackElo "2376"]
[Annotator "NA"]
[PlyCount "42"]
[EventDate "2018.10.20"]
[EventType "swiss"]
[EventCountry "GRE"]
[SourceTitle "playchess.com"]
[Source "ChessBase"]
[SourceQuality "1"]
[TimeControl "40/5400+30:1800+30"]

1. e4 c5 2. c3 Nf6 3. e5 Nd5 4. Bc4 Nb6 5. Bb3 d5 6. exd6 Qxd6 7. Nf3 c4 8. Bc2 Qe6+ 9. Qe2 Qxe2+ 10. Kxe2 f6 11. b3 e5 12. Re1 Nc6 13. Ba3 Bxa3 14. Nxa3 Be6 15. Rab1 O-O-O 16. bxc4 Nxc4 $15 17. Bb3 N6a5 18. Nxc4 Bxc4+ 19. Bxc4 Nxc4 20. Rb4 Nb6 21. d4 exd4 1/2-1/2

[Event "WYCC 2018 O16"]
[Site "Halkidiki"]
[Date "2018.10.24"]
[Round "6"]
[White "Talukdar, Rohan"]
[Black "Zarubitski, Viachaslau"]
[Result "1/2-1/2"]
[ECO "B13"]
[WhiteElo "2279"]
[BlackElo "2417"]
[Annotator "NA"]
[PlyCount "101"]
[EventDate "2018.10.20"]
[EventType "swiss"]
[EventCountry "GRE"]
[SourceTitle "playchess.com"]
[Source "ChessBase"]
[SourceQuality "1"]
[TimeControl "40/5400+30:1800+30"]

1. e4 c6 2. d4 d5 3. exd5 cxd5 4. Bd3 Nc6 5. c3 Qc7 6. Ne2 Bg4 7. O-O {[%emt 0:00:12] B13: Caro-Kann: Exchange Variation and Panov-Botvinnik Attack} Nf6 8. Qe1 Bh5 9. f4 e6 10. Ng3 Bd6 11. Nxh5 Nxh5 12. g3 O-O-O $146 ({Predecessor:} 12... Nf6 13. Nd2 h5 14. Nf3 Kf8 {1-0 (43) Kovalev,V (2641)-Svane,R (2586) Moscow 2018}) 13. Nd2 Rde8 14. Qe2 g6 15. Nf3 f6 16. Be3 e5 17. fxe5 fxe5 18. dxe5 Nxe5 19. Bd4 Nxd3 20. Qxd3 Rhf8 21. Ng5 ({Reject} 21. Bxa7 Bxg3 22. Kh1 Qd7 $11) 21... Qe7 22. Rxf8 Rxf8 23. Qe3 Qxe3+ 24. Bxe3 h6 25. Nh3 Re8 26. Bxa7 Re2 27. Bd4 Rxb2 28. a4 Be7 {[%emt 0:07:12] [#]} 29. Rf1 $1 Bd6 30. Rf7 Re2 31. Rh7 Re1+ 32. Kf2 Re6 33. Rxh6 Nf6 34. Rh8+ Kd7 35. Ng5 Ng4+ 36. Kf3 Ne5+ 37. Kg2 Re7 $16 38. h4 Nc6 39. Rh7 Nxd4 40. cxd4 Rxh7 41. Nxh7 Be7 42. Kf3 Kc6 43. Kf4 Bd6+ 44. Kg4 b5 45. axb5+ Kxb5 46. Nf6 Kc4 47. Nxd5 Kxd5 48. Kg5 Bxg3 49. Kxg6 Bxh4 50. Kh5 Kxd4 51. Kxh4 1/2-1/2

[Event "WYCC 2018 O16"]
[Site "Halkidiki"]
[Date "2018.10.24"]
[Round "6"]
[White "Chukavin, Kirill"]
[Black "Mitsis, Georgios"]
[Result "1-0"]
[ECO "C07"]
[WhiteElo "2274"]
[BlackElo "2350"]
[Annotator "NA"]
[PlyCount "81"]
[EventDate "2018.10.20"]
[EventType "swiss"]
[EventCountry "GRE"]
[SourceTitle "playchess.com"]
[Source "ChessBase"]
[SourceQuality "1"]
[TimeControl "40/5400+30:1800+30"]

1. e4 e6 2. d4 d5 3. Nd2 c5 4. exd5 Qxd5 5. Ngf3 cxd4 6. Bc4 Qd6 7. O-O Nf6 8. Nb3 Nc6 9. Nbxd4 Nxd4 10. Nxd4 a6 11. Re1 Be7 12. c3 O-O 13. Qf3 Qc7 14. Bd3 {[%emt 0:03:15] C07: Französische Verteidigung (Tarrasch-Variante)} Bd6 15. h3 b5 $146 ({Vorgänger:} 15... Nd7 16. Qe4 g6 17. Bc2 Re8 18. Bh6 Bf8 19. Bxf8 Rxf8 20. Rad1 Nc5 {½-½ (20) Ortiz Elias,J (2461)-Biella Bianchi,D (2455) LIPEAP corr 2002}) 16. Qxa8 Bb7 17. Qa7 Ra8 18. Nxb5 Qc6 19. Qxb7 Qxb7 20. Nxd6 Qd5 21. Rd1 Qe5 22. Nc4 Qc7 23. Be3 Nd5 24. Be2 Rb8 25. Rd2 h6 26. Rad1 a5 27. Bd4 Nf4 28. Bf1 f6 29. g3 Nxh3+ 30. Bxh3 Qxc4 31. b3 Qc6 32. c4 a4 33. Rd3 h5 34. Be3 axb3 35. axb3 Qe4 36. Rd4 Qc6 37. Rd6 Qf3 38. Bxe6+ Kh7 39. R6d5 h4 $18 40. R1d4 g5 41. Bg4 1-0

[Event "WYCC 2018 O16"]
[Site "Halkidiki"]
[Date "2018.10.24"]
[Round "6"]
[White "Peng, Hongchi"]
[Black "Araoz Andrade, Ivan Alexander"]
[Result "1-0"]
[ECO "B90"]
[WhiteElo "2273"]
[BlackElo "1919"]
[Annotator "NA"]
[PlyCount "69"]
[EventDate "2018.10.20"]
[EventType "swiss"]
[EventCountry "GRE"]
[SourceTitle "playchess.com"]
[Source "ChessBase"]
[SourceQuality "1"]
[TimeControl "40/5400+30:1800+30"]

1. e4 c5 2. Nf3 d6 3. d4 cxd4 4. Nxd4 Nf6 5. Nc3 a6 6. Be3 e5 7. Nb3 Be6 8. Qd2 Nbd7 9. f3 h5 10. Nd5 {[%emt 0:00:48] B90: Sizilianisch (Najdorf-Variante, Abweichungen)} Bxd5 11. exd5 g6 12. c4 b6 13. Be2 Bg7 14. O-O O-O {[%emt 0:00:28] [#]} 15. f4 $146 {[%emt 0:01:00] [#]} ({Vorgänger:} 15. h3 Nh7 16. g4 hxg4 17. hxg4 Bf6 {½-½ (49) So,W (2815)-Giri,A (2785) chess.com INT 2017}) 15... Rc8 $2 {[%emt 0:45:13] [#]} (15... exf4 $1 $17 {keeps the pressure on.} 16. Bxf4 (16. Rxf4 Re8 $17) 16... Re8) 16. f5 $1 a5 17. Qe1 a4 18. Nd2 b5 19. Qg3 bxc4 20. fxg6 c3 21. Nc4 Ne4 22. gxf7+ Rxf7 23. Qg6 Rxf1+ 24. Rxf1 Ndf6 25. Bd3 cxb2 26. Nxb2 $18 (26. Bxe4 Rxc4 27. Bd3 Rg4 $17) 26... Nc3 27. Bf5 Rb8 28. Nc4 Ne2+ 29. Kh1 Nd4 30. Bd3 Qe7 31. Bg5 Rf8 32. Nd2 Qf7 33. Rxf6 Qxf6 34. Qh7+ Kf7 35. Bxf6 1-0

[Event "WYCC 2018 O16"]
[Site "Halkidiki"]
[Date "2018.10.24"]
[Round "6"]
[White "De Waele, Warre"]
[Black "Wachinger, Nikolas"]
[Result "0-1"]
[ECO "E92"]
[WhiteElo "2272"]
[BlackElo "2360"]
[Annotator "NA"]
[PlyCount "68"]
[EventDate "2018.10.20"]
[EventType "swiss"]
[EventCountry "GRE"]
[SourceTitle "playchess.com"]
[Source "ChessBase"]
[SourceQuality "1"]
[TimeControl "40/5400+30:1800+30"]

1. d4 Nf6 2. c4 g6 3. Nc3 Bg7 4. e4 d6 5. Nf3 O-O 6. Be2 e5 7. d5 a5 8. Bg5 h6 {[%emt 0:01:19] LiveBook: 1366 Games} 9. Be3 Ng4 {[%emt 0:01:07] E92: King's Indian: Classical: 6 Be2 e5: 7 dxe5, 7 Be3 and Petrosian System without 7...Nbd7} 10. Bd2 f5 11. h3 Nf6 12. exf5 gxf5 13. Qc1 (13. g3 Na6 14. Qc1 Kh7 15. Nh4 Nc5 16. Be3 Nfe4 17. Nxe4 Nxe4 {½-½ (42) Korobov,A (2678)-Kovalev,V (2650) Poikovsky 2018}) 13... f4 14. g3 e4 15. Nh4 e3 16. fxe3 fxg3 17. Ng6 Re8 $146 18. Nf4 Bf5 19. Rg1 Na6 20. Rxg3 Nc5 21. Bf3 Kh7 22. Kf2 Nfe4+ 23. Nxe4 Rxe4 24. Rxg7+ (24. Kg1 $11) 24... Kxg7 25. Bxe4 Nxe4+ 26. Kf3 Kh7 27. Bc3 Qg5 28. Qg1 {[%emt 0:04:26] [#]} Qe7 $19 29. Be1 Ng5+ 30. Ke2 Qe4 31. Qg2 Qxc4+ 32. Kd1 Be4 33. Qd2 Bf3+ 34. Ne2 Ne4 0-1

[Event "WYCC 2018 O16"]
[Site "Halkidiki"]
[Date "2018.10.24"]
[Round "6"]
[White "Mukhutdinov, Tigran"]
[Black "Szpar, Milosz"]
[Result "1/2-1/2"]
[ECO "B24"]
[WhiteElo "2256"]
[BlackElo "2328"]
[Annotator "NA"]
[PlyCount "85"]
[EventDate "2018.10.20"]
[EventType "swiss"]
[EventCountry "GRE"]
[SourceTitle "playchess.com"]
[Source "ChessBase"]
[SourceQuality "1"]
[TimeControl "40/5400+30:1800+30"]

1. e4 {[%emt 0:00:00] Bangiev,A} c5 2. Nc3 Nc6 3. Bb5 Nd4 4. Bc4 e6 5. Nge2 Nf6 6. O-O {[%emt 0:00:47] B23: Sizilianisch (Geschlossenes System)} a6 7. a4 d5 8. exd5 exd5 9. Ba2 Bd6 10. d3 Bg4 11. f3 Be6 12. Nxd4 cxd4 13. Ne2 Qc7 $146 ({Vorgänger:} 13... Qb6) 14. h3 O-O 15. f4 Rfe8 16. Bb3 Qb6 17. Bd2 Re7 18. a5 Qa7 19. f5 Bd7 20. Bg5 Rae8 21. Nf4 Bxf4 $16 22. Rxf4 Qb8 23. Qf1 Nh5 24. Rf2 Re5 25. Bf4 Nxf4 26. Rxf4 Bc6 27. Qf2 Re2 28. Qxd4 R8e4 29. Rxe4 dxe4 30. dxe4 Rxe4 31. Qd2 Qe5 32. Qd8+ Be8 33. Qd5 Qe7 34. f6 gxf6 35. Rf1 Re5 36. Qf3 Kg7 37. h4 Bc6 38. Qg3+ Kf8 39. Qf4 Re2 40. Qb8+ Kg7 41. Qg3+ Kf8 42. Qb8+ Kg7 43. Qg3+ 1/2-1/2

[Event "WYCC 2018 O16"]
[Site "Halkidiki"]
[Date "2018.10.24"]
[Round "6"]
[White "Quirhuayo Chumbe, German Gonzalo"]
[Black "Mis, Mieszko"]
[Result "1-0"]
[ECO "B07"]
[WhiteElo "2220"]
[BlackElo "2307"]
[Annotator "NA"]
[PlyCount "63"]
[EventDate "2018.10.20"]
[EventType "swiss"]
[EventCountry "GRE"]
[SourceTitle "playchess.com"]
[Source "ChessBase"]
[SourceQuality "1"]
[TimeControl "40/5400+30:1800+30"]

1. e4 d6 2. d4 Nf6 3. Nc3 g6 4. f3 c6 5. Be3 Nbd7 6. Qd2 b5 7. h4 Nb6 {[%emt 0:07:32] LiveBook: 20 Games} 8. g4 h5 9. g5 Nfd7 10. f4 d5 11. f5 b4 12. Nd1 dxe4 13. fxg6 fxg6 14. Bg2 $11 Qc7 15. Bxe4 Qg3+ 16. Bf2 Qd6 17. Qd3 Rg8 18. Ne2 Bb7 19. Ne3 O-O-O 20. Bg3 e5 21. O-O-O Be7 22. Qb3 Qc7 23. Qe6 Bd6 24. Bxg6 Ba6 25. Rhe1 Kb8 26. Nf5 Nf8 27. Qxg8 Bc4 28. Qg7 Qxg7 29. Nxg7 Nxg6 30. dxe5 Bc7 31. Rxd8+ Bxd8 32. Nf4 1-0

[Event "WYCC 2018 O16"]
[Site "Halkidiki"]
[Date "2018.10.24"]
[Round "6"]
[White "Sargsyan, Tigran R."]
[Black "Teclaf, Pawel"]
[Result "1/2-1/2"]
[ECO "D71"]
[WhiteElo "2218"]
[BlackElo "2384"]
[Annotator "NA"]
[PlyCount "88"]
[EventDate "2018.10.20"]
[EventType "swiss"]
[EventCountry "GRE"]
[SourceTitle "playchess.com"]
[Source "ChessBase"]
[SourceQuality "1"]
[TimeControl "40/5400+30:1800+30"]

1. d4 Nf6 2. c4 g6 3. g3 Bg7 4. Bg2 d5 5. cxd5 Nxd5 6. Nf3 Nb6 7. Nc3 O-O 8. O-O Nc6 9. e3 Re8 10. h3 a5 {[%emt 0:20:21] D76: Fianchetto Grünfeld: Main Line with 7...Nb6} 11. d5 Nb4 12. e4 c6 13. a3 {[%emt 0:01:28] LiveBook: 19 Games} Na6 14. dxc6 bxc6 15. Qc2 Qc7 16. Rd1 h6 $146 ({Predecessor:} 16... e5 17. b3 Nc5 18. Be3 {1-0 (58) Mchedlishvili,M (2645)-Babujian,L (2488) Mumbai 2013}) 17. Rb1 Rb8 18. b3 e5 19. Be3 Be6 20. Nd2 Qc8 21. Kh2 Bf8 22. Ra1 Nc5 23. f4 exf4 24. Bxf4 Rb7 25. e5 (25. Rab1 $15) 25... Bf5 26. Nde4 Nxe4 27. Nxe4 Nd5 28. Qc4 Qe6 29. Rxd5 cxd5 30. Nf6+ Qxf6 31. Qxd5 Qe7 32. Qxb7 Qxb7 33. Bxb7 Be6 34. b4 Rb8 35. Bg2 axb4 36. axb4 Rxb4 37. h4 Kg7 38. Re1 Be7 39. Bc1 Rc4 40. Be3 Bb4 $11 41. Rc1 Rxc1 42. Bxc1 Bc3 43. Bf4 h5 44. Bc6 f6 1/2-1/2

[Event "WYCC 2018 O16"]
[Site "Halkidiki"]
[Date "2018.10.24"]
[Round "6"]
[White "Beukes, Dante M"]
[Black "Shubin, Kirill"]
[Result "0-1"]
[ECO "C02"]
[WhiteElo "2155"]
[BlackElo "2369"]
[Annotator "NA"]
[PlyCount "96"]
[EventDate "2018.10.20"]
[EventType "swiss"]
[EventCountry "GRE"]
[SourceTitle "playchess.com"]
[Source "ChessBase"]
[SourceQuality "1"]
[TimeControl "40/5400+30:1800+30"]

1. e4 e6 2. d4 d5 3. e5 c5 4. c3 Ne7 5. Nf3 Nec6 6. Bd3 Nd7 {[%emt 0:00:00] LiveBook: 53 Games} 7. O-O Be7 {[%emt 0:00:24] C02: French: Advance Variation} 8. Re1 (8. a3 a5 9. a4 O-O 10. Na3 cxd4 11. cxd4 Nb4 12. Bb1 b6 13. Nb5 Ba6 14. Re1 Re8 15. Ra3 Nf8 16. Rc3 {1-0 (69) Idani,P (2576)-Mosadeghpour,M (2444) Teheran 2017}) 8... a6 9. Be3 b5 $146 ({Predecessor:} 9... c4 10. Bc2 b5 11. Nbd2 Nb6 12. Nf1 b4 13. Qd2 bxc3 14. bxc3 Na5 15. Bg5 {1-0 (35) Krueger,N (2015)-Bock,J (2200) Goch 1995}) 10. Nbd2 b4 11. Nf1 bxc3 12. bxc3 cxd4 13. cxd4 Nb6 14. N3d2 Nb4 15. Bb1 Bd7 16. Qg4 g6 17. Bh6 Bf8 18. Qh3 Qe7 19. Nf3 Bxh6 20. Qxh6 Qf8 21. Qf4 Bb5 22. Ne3 h5 23. Ng5 Qe7 24. Rc1 Nc4 25. a3 Nxe3 26. Qxe3 Nc6 27. a4 Bc4 28. Ne4 Kf8 29. Nf6 Kg7 30. Be4 Rac8 31. Bf3 Qa7 32. Rd1 Rb8 33. Rac1 Rb4 34. Qg5 Qe7 35. Bxh5 Rxa4 36. h4 $18 Bb5 37. Be2 Bxe2 38. Rxc6 Qb7 39. Rdc1 Ra1 40. Nh5+ Rxh5 41. Qf6+ Kg8 42. Qd8+ Kh7 43. Rxa1 Qxc6 44. g4 Bxg4 45. Rb1 Be2 46. Rb8 Qc1+ 47. Kh2 Qf4+ 48. Kh3 Qg4+ 0-1

[Event "WYCC 2018 O16"]
[Site "Halkidiki"]
[Date "2018.10.24"]
[Round "6"]
[White "Lou, Vincent"]
[Black "Koustav Chatterjee"]
[Result "0-1"]
[ECO "E95"]
[WhiteElo "2155"]
[BlackElo "2344"]
[Annotator "NA"]
[PlyCount "106"]
[EventDate "2018.10.20"]
[EventType "swiss"]
[EventCountry "GRE"]
[SourceTitle "playchess.com"]
[Source "ChessBase"]
[SourceQuality "1"]
[TimeControl "40/5400+30:1800+30"]

1. d4 Nf6 2. c4 g6 3. Nc3 Bg7 4. e4 d6 5. Nf3 O-O 6. Be2 {[%emt 0:00:03] LiveBook: 39590 Games} e5 7. O-O Nbd7 8. Re1 c6 9. Bf1 Qc7 10. Qc2 {[%emt 0:01:58] E95: Königsindisch (Klassisches System)} (10. d5 c5 11. g3 Ne8 12. Bh3 Nb6 13. Bf1 Qd8 14. a3 Bg4 15. h3 Bxf3 16. Qxf3 f5 17. b4 Rc8 18. Qd1 {½-½ (46) Sanikidze,T (2497)-Mannhart,M (2096) Batumi 2018}) 10... Re8 11. d5 a5 12. Rb1 Nc5 13. Nd2 $146 ({Vorgänger:} 13. Be3 Ng4 14. Bxc5 dxc5 15. dxc6 bxc6 16. Na4 Bf8 17. Nd2 Rb8 18. b3 Nf6 {0-1 (38) Mista,L (2275)-Reznicek,T (2325) Czechia 2001}) 13... Bd7 14. b3 Reb8 15. a3 cxd5 16. Nxd5 Nxd5 17. cxd5 Rc8 18. b4 axb4 19. axb4 Na4 20. Qxc7 Rxc7 21. Nc4 Bf8 22. Ra1 Rac8 23. Na5 Nc3 24. Be3 Ra8 25. Rac1 Rcc8 26. Bd2 Nb5 27. Nxb7 Nd4 $16 (27... Rxc1 $14 28. Rxc1 Ra2) 28. Rxc8 Rxc8 29. Rc1 $2 (29. Na5 $16 {stays on course.}) 29... Nb3 30. Rxc8 Bxc8 31. Nxd6 Bxd6 32. Bc3 Nd4 33. Bd3 Bd7 34. f3 Kf8 35. Kf2 Ke7 36. g3 Kd8 37. f4 f6 38. Ke3 Nb5 39. Bd2 Kc7 40. h4 Kb6 41. Be1 Na3 42. Bc3 Bb5 43. Ba1 Bxd3 44. Kxd3 Kb5 45. Bc3 Nc4 46. fxe5 Nxe5+ 47. Ke3 Bxb4 48. Bxb4 Kxb4 49. Kf4 h5 50. d6 Kc5 51. d7 Nxd7 52. g4 hxg4 53. Kxg4 Ne5+ 0-1

[Event "WYCC 2018 O16"]
[Site "Halkidiki"]
[Date "2018.10.24"]
[Round "6"]
[White "Vatsal Singhania"]
[Black "Sahidi, Samir"]
[Result "0-1"]
[ECO "E06"]
[WhiteElo "2128"]
[BlackElo "2315"]
[Annotator "NA"]
[PlyCount "206"]
[EventDate "2018.10.20"]
[EventType "swiss"]
[EventCountry "GRE"]
[SourceTitle "playchess.com"]
[Source "ChessBase"]
[SourceQuality "1"]
[TimeControl "40/5400+30:1800+30"]

1. d4 Nf6 2. c4 e6 3. g3 d5 4. Bg2 Be7 5. Nf3 O-O 6. O-O dxc4 7. Qc2 a6 8. a4 Nc6 {[%emt 0:01:43] LiveBook: 199 Games} 9. Qxc4 Nb4 10. a5 {[%emt 0:06:40] E05: Open Catalan: 5 Nf3 Be7} (10. Bf4 Nfd5 11. Nc3 c6 12. a5 b5 13. Qb3 c5 14. dxc5 Bxc5 15. Rfd1 Qe7 16. Ne4 Nxf4 17. gxf4 Nd5 18. Nxc5 Qxc5 {1-0 (39) Xu,X (2549)-Colijn,S (2308) Hoogeveen 2017}) 10... Bd7 11. Na3 $146 ({Predecessor:} 11. Nc3 Bc6 12. Bg5 Ne4 13. Bxe7 Qxe7 14. Rfc1 Rac8 15. Qb3 Rb8 16. Ne5 Nxc3 17. bxc3 Bxg2 18. Qxb4 {1-0 (55) Campos Jimenez,A (2390)-Pazos Gambarrotti,P (2217) Santa Clara 2018}) 11... Bc6 12. Bd2 Bd5 13. Qc1 Ne4 14. Bf4 Rc8 15. Nc4 Nd6 16. Ne3 Be4 17. Qd2 Nd5 18. Nxd5 exd5 19. Bh3 Bf5 20. Bxf5 Nxf5 21. Qd3 Qd7 22. Rfc1 c6 23. Rc3 Rfe8 24. Rb3 Nd6 25. Bxd6 Bxd6 26. e3 Re7 27. Nd2 Qe6 28. Rb6 h5 29. Nb3 Rce8 30. Nc5 Qc8 31. Qd1 h4 32. Qh5 Bxc5 33. dxc5 Re4 34. Rb3 R8e5 35. Qf3 Rc4 36. Rc3 Rb4 37. b3 Qd8 38. Rd3 Qe7 39. Rc1 Ree4 40. Qf5 g6 41. Qf3 Kg7 42. Qe2 Rb5 43. Qb2+ Qf6 44. Qxf6+ Kxf6 45. f3 Reb4 46. e4 dxe4 47. fxe4 Rxe4 48. Rd7 hxg3 49. Rf1+ Kg5 50. Rfxf7 gxh2+ 51. Kxh2 Rxa5 52. Rxb7 Rxc5 53. Rf2 Rh4+ 54. Kg2 Rg4+ 55. Kh2 Rb5 56. Rxb5+ cxb5 57. Rf3 Rb4 58. Kg3 a5 59. Rc3 a4 60. bxa4 bxa4 61. Rc5+ Kh6 62. Ra5 g5 63. Ra8 g4 64. Ra5 Kg6 65. Kf2 Kf6 66. Ke2 Re4+ 67. Kd3 Re5 68. Rxa4 Kg5 69. Kd4 Re7 70. Ra8 Kh4 71. Rh8+ Kg3 72. Rg8 Kh3 73. Rh8+ Kg2 74. Kd3 g3 75. Rg8 Kf2 76. Rf8+ Kg1 77. Rg8 g2 78. Rh8 Re5 79. Kd4 Re2 80. Kd3 Kf1 81. Rg8 Rf2 82. Ra8 g1=Q 83. Ra1+ Kg2 84. Rxg1+ Kxg1 85. Ke3 Kg2 86. Ke4 Rf3 87. Ke5 Kg3 88. Kd4 Kf4 89. Kd5 Re3 90. Kd4 Kf3 91. Kd5 Re4 92. Kc5 Ke3 93. Kd5 Kd3 94. Kd6 Kc4 95. Kc6 Re6+ 96. Kd7 Kd5 97. Kc7 Rd6 98. Kb7 Rc6 99. Ka7 Kd6 100. Kb8 Rb6+ 101. Ka8 Kc7 102. Ka7 Rc6 103. Ka8 Ra6# 0-1

[Event "WYCC 2018 O16"]
[Site "Halkidiki"]
[Date "2018.10.24"]
[Round "6"]
[White "Fainman, Tomer"]
[Black "Morgunov, Daniel"]
[Result "0-1"]
[ECO "E71"]
[WhiteElo "2054"]
[BlackElo "2328"]
[Annotator "ChessBase"]
[PlyCount "138"]
[EventDate "2018.10.20"]
[EventType "swiss"]
[EventCountry "GRE"]
[SourceTitle "playchess.com"]
[Source "ChessBase"]
[SourceQuality "1"]
[TimeControl "40/5400+30:1800+30"]

1. d4 Nf6 2. c4 g6 3. Nc3 Bg7 4. e4 d6 5. h3 O-O 6. Nf3 Na6 7. Be3 e5 8. d5 Nh5 9. Nd2 Qe8 10. Be2 Nf4 11. O-O f5 12. Bxf4 exf4 13. Bf3 Nc5 14. Qe2 Qf7 15. Nb3 fxe4 16. Nxe4 Nxe4 17. Bxe4 Re8 18. f3 Qf6 19. Rab1 Re5 20. Nc1 Rh5 21. Rd1 Bd7 22. Nd3 Qg5 23. Kf1 Ba4 24. b3 Bd7 25. Nf2 Re8 26. Ng4 Qe7 27. Qd3 Bxg4 28. fxg4 Re5 29. Bf3 Qh4 30. Qd2 Re3 31. Qf2 Qe7 32. h4 g5 33. h5 Bc3 34. Kg1 Qe5 35. Kh2 Be1 36. Qc2 Bg3+ 37. Kh3 Qg7 38. Rd2 R8e5 39. Rdd1 Re7 40. Qf5 R7e5 41. Qc2 Re8 42. Rf1 Rc3 43. Qf5 Qe5 44. Qd7 Qe7 45. Qa4 a6 46. Qb4 Rc2 47. Qxb7 Qe3 48. Qc6 Re7 49. Qa8+ Re8 50. Qc6 Rf8 51. Rbd1 Qc3 52. Qd7 Rxa2 53. Be4 Qg7 54. Qe6+ Qf7 55. Qh6 Qe7 56. Bf5 Kh8 57. Rd3 Rf7 58. Be6 Rf6 59. Qxg5 Rxe6 60. Qxe7 Rxe7 61. h6 Kg8 62. g5 Ree2 63. Kg4 Rxg2 64. Kf5 Rae2 65. c5 Re5+ 66. Kg4 Bh2+ 67. Kh3 Rexg5 68. cxd6 Bg1 69. Kh4 Rg6 0-1